 Dungeon Crawl Stone Soup version 0.17-a0-2215-g49c1de0 (webtiles) character file.

151 HaroldButt the Insei (level 5, -2/50 HPs)
             Began as a Deep Dwarf Monk on Oct 27, 2015.
             Slain by an ogre
             ... wielding a +0 giant club
              (12 damage)
             ... on level 3 of the Dungeon.
             The game lasted 00:11:10 (1988 turns).

HaroldButt the Insei (Deep Dwarf Monk)              Turns: 1988, Time: 00:11:11

Health: -2/50      AC:  3    Str: 14    XL:     5   Next: 11%
Magic:  5/5        EV: 14    Int: 11    God:
Gold:   239        SH:  0    Dex: 16    Spells: 0 memorised, 4 levels left

rFire  . . .     SeeInvis .       - Unarmed
rCold  . . .     Clarity  .     j - +0 leather armour (curse)
rNeg   . . .     SustAt   .     (no shield)
rPois  .         Gourm    .     (no helmet)
rElec  .         Spirit   .     (no cloak)
rCorr  .         Warding  .     (no gloves)
rMut   .         Stasis   .     (no boots)
MR     .....                    p - amulet of rage
Stlth  ++........               (no ring)
                                (no ring)

@: non-regenerating, not resistant to hostile enchantments, unstealthy
A: damage resistance, recharge devices, sense surroundings 1, slow regeneration
3
a: Device Recharging, Evoke Berserk Rage


You were on level 3 of the Dungeon.
You were not hungry.

You visited 1 branch of the dungeon, and saw 3 of its levels.

You collected 239 gold pieces.

Inventory:

Missiles
 e - 60 stones (quivered)
 v - 12 poisoned needles
Armour
 a - a +0 robe
 j - a cursed +0 leather armour (worn)
 t - a +1 robe of resistance
Jewellery
 f - an uncursed amulet of stasis
 p - an amulet of rage (around neck)
Wands
 b - a wand of heal wounds (0)
Scrolls
 h - 3 scrolls of identify {unknown}
 k - 4 scrolls of teleportation {unknown}
 m - 2 scrolls of random uselessness {unknown}
 o - a scroll of blinking {unknown}
 q - a scroll of immolation {unknown}
 s - 2 scrolls of remove curse {unknown}
 u - a scroll of amnesia {unknown}
Potions
 g - 2 potions of heal wounds {unknown}
 i - 2 potions of curing {unknown}
 l - 2 potions of might {unknown}
Books
 r - a book of the Tempests

   Spells                             Type                      Level
   a - Static Discharge               Conjuration/Air              3
   b - Lightning Bolt                 Conjuration/Air              5
   c - Fireball                       Conjuration/Fire             5
   d - Tornado                        Air                          9
   e - Shatter                        Earth                        9
Comestibles
 c - a bread ration
 d - 2 beef jerkies
 n - 7 chunks of flesh


   Skills:
 + Level 3.8 Fighting
 + Level 4.2 Dodging
 - Level 2.4 Stealth
 * Level 4.6 Unarmed Combat


You had 4 spell levels left.
You didn't know any spells.

Dungeon Overview and Level Annotations

Branches:
Dungeon (3/15)

Altars:
Cheibriados


Innate Abilities, Weirdness & Mutations

You are resistant to damage.
You can recharge devices by infusing magical energy.
You passively map a small area around you.
You do not regenerate naturally.


Message History

The ogre hits you with a giant club!!
* * * LOW HITPOINT WARNING * * *
Evoke which item? (* to show all) (? for menu, Esc to quit)
Zapping:
b - a wand of heal wounds (1)
Press: ? - help, Shift-Dir - straight line, f - you You feel much better.
This wand has 0 charges left.
The ogre closely misses you.
You hit the ogre.
The ogre is heavily wounded.
You hit the ogre.
The ogre is heavily wounded.
The ogre hits you with a giant club!
* * * LOW HITPOINT WARNING * * *
You barely miss the ogre.
The ogre is heavily wounded.
The ogre closely misses you.
You hit the ogre.
The ogre is almost dead.
The ogre hits you with a giant club!
You die...

#.# #.# #.##.####### #.#
#.#####.##.# ## #.#
#........#.######. #.#
##.##....#........ #.#
#.##._..########. ###.#####
#.##...## ## ........#
#.##.### #
.##.###.#########.##.####
##### .##.#
#.........@>...........)...
.##.#
###########O...############
.##.# #...<....### # ....#
#.######.# # .#### * #.# #
.# * #.# #### .# .# ##...
.# *, *.# #..... .# .#
.#....


You could see an ogre.

Vanquished Creatures
  An orc priest (D:3)
  The ghost of 4thArraOfDagon the Scratcher, a weakling FeTm (D:3)
  3 oozes
  A giant gecko (D:1)
  4 orcs (D:3)
  A ball python (D:2)
  6 bats
  5 giant cockroaches
  12 goblins
  9 hobgoblins
  8 jackals (D:1)
  A quokka (D:3)
  5 giant newts
  9 kobolds
  23 rats
  A fungus (D:1)
90 creatures vanquished.

Notes
Turn   | Place    | Note
--------------------------------------------------------------
     0 | D:1      | HaroldButt the Deep Dwarf Monk began the quest for the Orb.
     0 | D:1      | Reached XP level 1. HP: 20/20 MP: 1/1
    56 | D:1      | Reached XP level 2. HP: 21/28 MP: 2/2
   245 | D:1      | Reached skill level 4 in Unarmed Combat
   294 | D:1      | Reached XP level 3. HP: 14/34 MP: 3/3
  1318 | D:2      | Reached XP level 4. HP: 28/42 MP: 4/4
  1574 | D:2      | Noticed a hippogriff
  1666 | D:3      | Noticed 4thArraOfDagon's ghost (weakling FeTm)
  1675 | D:3      | Found a snail-covered altar of Cheibriados.
  1690 | D:3      | Killed 4thArraOfDagon's ghost
  1716 | D:3      | Noticed an ogre
  1858 | D:3      | Reached XP level 5. HP: 38/50 MP: 5/5
  1982 | D:3      | HP: 2/50 [ogre/giant club (22)]
  1988 | D:3      | Slain by an ogre

Vault maps used:
D:1:      erik_arrival_orb_chamber, minmay_gold_behind_fungi, st_stairs_7
D:2:      minmay_divided_ellipse
D:3:      small_statue_intersection, cheibriados_altar_1

Action                   |  1- 3 |  4- 6 || total
-------------------------+-------+-------++-------
Melee: Unarmed           |   206 |   116 ||   322
Evoke: Wand              |     2 |     3 ||     5
 Stab: Sleeping          |     4 |     4 ||     8
       Distracted        |       |     1 ||     1
  Eat: Chunk             |     2 |     2 ||     4
